 Dungeon Crawl Stone Soup version 0.29-a0-925-g0a7a3d12f8 (webtiles) character file.

Game seed: 486603904603334394

976 IdlyInterested the Chopper (level 7, 0/50 HPs)
             Began as a Demonspawn Gladiator on July 28, 2022.
             Slain by Duvessa
             ... wielding a +2 rapier of electrocution
              (17 damage)
             ... on level 5 of the Dungeon.
             The game lasted 00:15:13 (4944 turns).

IdlyInterested the Chopper (Demonspawn Gladiator)   Turns: 4944, Time: 00:15:14

Health: 0/50       AC: 13    Str: 16    XL:     7   Next: 95%
Magic:  7/7        EV: 14    Int: 10    God:
Gold:   384        SH:  0    Dex: 14    Spells: 6/6 levels left

rFire   . . .      SeeInvis .   a - +0 war axe
rCold   . . .      Faith    .   (no shield)
rNeg    . . .      Spirit   .   h - +0 scale mail
rPois   +          Reflect  .   r - +1 helmet
rElec   .          Harm     .   (no cloak)
rCorr   .          Rampage  .   k - +0 pair of gloves
Will    .....                   B - +0 pair of boots
Stlth   +.........              (no amulet)
HPRegen 0.16/turn               f - +4 ring of evasion
MPRegen 0.10/turn               A - ring of poison resistance

@: hasted, very quick
A: powered by death 1, powered by pain 1, sharp scales 3
a: no special abilities


You were on level 5 of the Dungeon.
You visited 2 branches of the dungeon, and saw 6 of its levels.

You collected 384 gold pieces.

Inventory:

Hand Weapons
 a - a +0 war axe (weapon)
 i - a +4 spear
 u - a +0 war axe
 y - a +0 whip of freezing
 F - a +2 hand axe of flaming
Missiles
 b - 6 silver javelins
 d - 3 throwing nets
 e - a javelin
 l - 16 atropa-tipped darts
 o - 6 poisoned darts (quivered)
Armour
 h - a +0 scale mail (worn)
 k - a +0 pair of gloves (worn)
 r - a +1 helmet (worn)
 B - a +0 pair of boots (worn)
Jewellery
 f - a +4 ring of evasion (left hand)
 p - a ring of flight
 A - a ring of poison resistance (right hand)
Wands
 c - a wand of paralysis (6)
 n - a wand of digging (1)
 t - a wand of acid (10)
 C - a wand of mindburst (4)
 D - a wand of iceblast (1)
Scrolls
 E - a scroll of enchant weapon {unknown}
Potions
 g - a potion of mutation
 j - 5 potions of lignification
 m - 2 potions of brilliance
 q - a potion of magic
 s - a potion of might {unknown}
 v - a potion of haste
 w - a potion of curing
 x - a potion of heal wounds {unknown}
 z - a potion of berserk rage {unknown}


   Skills:
 + Level 2.0 Fighting
 * Level 7.9 Axes
 - Level 2.0 Throwing
 - Level 2.0 Armour
 - Level 2.6 Dodging
 - Level 2.0 Stealth
 - Level 2.0 Evocations


You had 6 spell levels left.
You didn't know any spells.
Your spell library contained the following spells:

 Spells                   Type           Power      Damage    Failure   Level
 Apportation              Tloc           0%         N/A       80%         1
 Necrotise                Necr           0%         1d4       80%         1
 Summon Small Mammal      Summ           0%         N/A       80%         1


Dungeon Overview and Level Annotations

Branches:
Dungeon (5/15)             Temple (1/1) D:4

Altars:
Ashenzari
Dithmenos
Gozag
Hepliaklqana
Makhleb
Nemelex Xobeh
Qazlal
Sif Muna
Trog
Vehumet
Xom

Annotations:
D:5 Dowan, Duvessa


Innate Abilities, Weirdness & Mutations

You regenerate a little health from kills.
You sometimes gain a little power by taking damage.
You are completely covered in razor-sharp scales. (AC +3, Slay +3)


Message History

Dowan shouts!
Duvessa, Sister of Dowan comes into view.
She is wielding a +2 rapier of electrocution.
You see here 9 gold pieces.
Duvessa shouts!
Dowan casts a spell at you. The puff of flame misses you.
You hit Duvessa.
Duvessa is lightly wounded.
You barely miss Dowan. Duvessa hits you but does no damage.
You are electrocuted!!
Dowan closely misses you.
Duvessa says, "Where magic fails, the sword succeeds!"
Duvessa hits you with a +2 rapier of electrocution.
Dowan barely misses you.
You slash Duvessa!
Duvessa is moderately wounded.
You hit Dowan.
Duvessa says, "My weaknesses are his strengths!"
Duvessa hits you with a +2 rapier of electrocution!
Dowan hits you but does no damage.
Unknown command.
You hit Duvessa.
Duvessa is moderately wounded.
You slash Dowan! Dowan hits you with a +0 dagger.
Duvessa hits you with a +2 rapier of electrocution!
* * * LOW HITPOINT WARNING * * *
Unknown command.
You feel better.
Dowan smirks and points a slender finger.
Dowan casts a spell at you. The puff of flame hits you.
* * * LOW HITPOINT WARNING * * *
Duvessa hits you but does no damage.
You feel yourself speed up. Dowan hits you with a +0 dagger.
* * * LOW HITPOINT WARNING * * *
Duvessa hits you but does no damage.
You feel better. Dowan casts a spell at you. You resist with some effort.
Duvessa hits you but does no damage.
You are electrocuted!
You die...

#. .#######.......[#
##.#
......##.......#<
...# ##..........#)
#..## #.........#.#.
#..# #..#..###.#.#.
#.?###.....# #...#.
.#####...##.##..#
....
.....$.<..$.##..#
....
....=.e@....##.## ...
......e...#..... ...
.....?.........# ....
................# #..
....>......$....###..
...)............##...
....................#
......#......... ....
...# #..#


You could see Duvessa and Dowan.

Vanquished Creatures
  Pikel (D:4)
  A black bear (D:4)
  2 scorpions (D:5)
  A hound (D:5)
  2 iguanas
  3 orc wizards (D:5)
  3 gnolls (D:3)
  5 adders
  A white imp (D:5)
  An adder skeleton (D:2)
  2 worms
  A dart slug (D:1)
  5 orcs
  6 endoplasms
  2 giant cockroaches (D:1)
  5 goblins
  5 hobgoblins
  2 jackals (D:5)
  A quokka (D:1)
  7 ball pythons
  A ball python zombie (D:2)
  A bat (D:3)
  2 frilled lizards (D:1)
  2 jackal skeletons (D:2)
  11 kobolds
  3 rats
76 creatures vanquished.

Vanquished Creatures (others)
  70 plants
70 creatures vanquished.

Grand Total: 146 creatures vanquished

Notes
Turn   | Place    | Note
-------+----------+-------------------------------------------
     0 | D:1      | IdlyInterested the Demonspawn Gladiator began the quest for
                  | the Orb.
     0 | D:1      | Reached XP level 1. HP: 16/16 MP: 1/1
   678 | D:1      | Reached skill level 3 in Axes
   684 | D:1      | Gained mutation: You are partially covered in razor-sharp
                  | scales. (AC +1, Slay +1) [demonic ancestry]
   684 | D:1      | Reached XP level 2. HP: 18/22 MP: 2/2
  1294 | D:1      | Reached skill level 1 in Armour
  1962 | D:2      | Found a faded altar of an unknown god.
  2080 | D:2      | Gained mutation: You sometimes gain a little power by
                  | taking damage. [demonic ancestry]
  2080 | D:2      | Reached XP level 3. HP: 21/27 MP: 3/3
  2711 | D:3      | Reached skill level 4 in Axes
  2711 | D:3      | Reached XP level 4. HP: 33/33 MP: 4/4
  3450 | D:4      | Found a bloodstained altar of Trog.
  3454 | D:4      | Noticed Pikel
  3456 | D:4      | Noticed a lemure
  3460 | D:4      | Reached skill level 1 in Stealth
  3460 | D:4      | Gained mutation: You are mostly covered in razor-sharp
                  | scales. (AC +2, Slay +2) [demonic ancestry]
  3460 | D:4      | Reached XP level 5. HP: 30/38 MP: 5/5
  3462 | D:4      | Noticed a lemure
  3464 | D:4      | Noticed a lemure
  3471 | D:4      | Noticed a lemure
  3477 | D:4      | Killed Pikel
  3478 | D:4      | Reached skill level 7 in Axes
  3478 | D:4      | Gained mutation: You regenerate a little health from kills.
                  | [demonic ancestry]
  3478 | D:4      | Reached XP level 6. HP: 23/44 MP: 6/6
  3478 | D:4      | Gained mutation: You are completely covered in razor-sharp
                  | scales. (AC +3, Slay +3) [demonic ancestry]
  3478 | D:4      | Reached XP level 7. HP: 26/50 MP: 7/7
  3490 | D:4      | Reached skill level 1 in Evocations
  3704 | D:4      | Found a shadowy altar of Dithmenos.
  3821 | D:4      | Found a staircase to the Ecumenical Temple.
  3830 | Temple   | Entered the Ecumenical Temple
  4570 | D:4      | Found a broken altar of Ashenzari.
  4656 | D:5      | Entered Level 5 of the Dungeon
  4867 | D:5      | Found a shimmering altar of Xom.
  4935 | D:5      | Noticed Dowan
  4935 | D:5      | Noticed Duvessa
  4944 | D:5      | Slain by Duvessa

Illustrated notes

Levels and vault maps discovered:
D:1:      dreamdust_arrival_beginning_and_end, layout_loops_corners,
          serial_forest, infiniplex_forest_zigzag_1, infiniplex_forest_zigzag_1,
          infiniplex_forest_end_3, infiniplex_forest_clump_small,
          infiniplex_forest_end_2, infiniplex_forest_clump_medium
D:2:      layout_loops_cross, serial_undead, serial_undead_f, serial_undead_b,
          serial_undead_e, serial_undead_c, dilly_ecumenical_altar_fadedgnrine
D:3:      layout_rooms, nrook_campfire, kennysheep_small_spiral, dk_vineyard_3
D:4:      layout_rooms, kennysheep_mini_moat, mainiacjoe_overflow_paths,
          nicolae_overflow_crystal_walls, zin_treasury,
          minmay_temple_entry_crystal_x, chequers_garden,
          dreamdust_wishing_well, uniq_pikel
D:5:      layout_rooms, kennysheep_little_box, nicolae_overflow_hidden_temple,
          uniq_duvessa
Temple:   nicolae_temple_godpark

Skill      XL: |  1  2  3  4  5  6  7 |
---------------+----------------------+-----
Axes           | 3 4 7 |  7.9
Armour         | 1 2 |  2.0
Stealth        | 1 2 |  2.0
Evocations     | 2 |  2.0
Throwing       | 2 |  2.0
Fighting       | |  2.0
Dodging        | |  2.6

Action                   |  1- 3 |  4- 6 |  7- 9 || total
-------------------------+-------+-------+-------++-------
Melee: War axe           |   118 |    64 |   228 ||   410
       Punch             |     2 |       |     4 ||     6
Throw: Dart              |       |     2 |     1 ||     3
Evoke: Wand              |       |       |     1 ||     1
  Use: Scroll            |     3 |     1 |       ||     4
       Potion            |     1 |     1 |     5 ||     7
 Stab: Invisible         |       |     1 |       ||     1
Armor: Leather armour    |    13 |       |       ||    13
       Scale mail        |    18 |    26 |    35 ||    79
Dodge: Dodged            |    78 |    50 |    53 ||   181

Table legend: (Time is in decaauts)
 A = Elapsed time spent in this place.
 B = Non-inter-level travel time spent in this place.
 C = Inter-level travel time spent in this place.
 D = Time resting spent in this place.
 E = Time spent auto-exploring this place.
 F = Levels seen in this place.
 G = Mean time per level.
                   A        B        C        D        E       F      G
               +--------+--------+--------+--------+--------+-----+--------+
         Total |   5126 |   4506 |    620 |    571 |   2320 |   6 |  854.3 |
       Dungeon |   4485 |   3865 |    620 |    571 |   2219 |   5 |  897.0 |
        Temple |    640 |    640 |      0 |      0 |    101 |   1 |  640.0 |
               +--------+--------+--------+--------+--------+-----+--------+

Top non-repeatable levels by time:
     D:1: 1770 daAuts
     D:2: 1104 daAuts
     D:4: 826 daAuts
  Temple: 640 daAuts
     D:3: 592 daAuts
     D:5: 191 daAuts
